 Dungeon Crawl Stone Soup version 0.19.0-9-gfd783f2 (webtiles) character file.

622953 Mesmaeker13 the Ninja (level 27, -4/224 HPs)
             Began as a Vampire Enchanter on Nov 5, 2016.
             Was the Champion of Ashenzari.
             Slain by a golden dragon (45 damage)
             ... on level 4 of the Realm of Zot on Nov 7, 2016.
             The game lasted 10:45:41 (93864 turns).

Mesmaeker13 the Ninja (Vampire Enchanter)          Turns: 93864, Time: 10:45:42

Health: -4/224     AC: 19    Str: 16    XL:     27
Magic:  4/38       EV: 34    Int: 23    God:    Ashenzari [******]
Gold:   5398       SH:  7    Dex: 20    Spells: 13 memorised, 4 levels left

rFire  + + +     SeeInvis +     J - +8 rapier "Emuraj" {pain, rElec rN+ MR+}
rCold  + . .     Gourm    .     N - +1 leather armour of Weirdness {MR+ Slay+5}
rNeg   + + +     Faith    .     f - +0 buckler {rF+} (curse)
rPois  +         Spirit   .     o - +2 helmet of the Unstoppable Ghosts {rC- rN++ Str+4 Stlth+}
rElec  +         Reflect  .     Q - +2 cloak {rPois} (curse)
rCorr  .         Harm     .     s - +2 pair of gloves (curse)
MR     ++++.     Clarity  +     T - +2 pair of boots (curse)
Stlth  ++++++++++               O - amulet of regeneration
                                Z - ring of protection from fire
                                G - ring of protection from cold

@: mighty, regenerating slowly, repel missiles
A: fangs 3, iridescent scales 1, see invisible, berserk 1, blink, fire
resistance 1, sense surroundings 1, weak 1, unbreathing, subdued magic 2,
MP-powered wands
a: Bat Form, Blink, Curse Item, Scrying, Transfer Knowledge, Renounce Religion
}: 3/15 runes: serpentine, barnacled, silver


You were on level 4 of the Realm of Zot.
You worshipped Ashenzari.
Ashenzari was exalted by your worship.
You were thirsty.

You visited 11 branches of the dungeon, and saw 50 of its levels.
You visited 1 bazaar.
You also visited: Ice Cave.

You collected 7713 gold pieces.
You spent 2315 gold pieces at shops.

Inventory:

Hand Weapons
 d - a +0 battleaxe
 x - the +6 dagger of Fee Simple {pierce, rF+ Dex+2 Stlth+}
   (You found it on level 3 of the Elven Halls)

   It inflicts extra damage upon your enemies.
   It affects your dexterity (+2).
   It protects you from fire.
   It makes you more stealthy.
 J - the +8 rapier "Emuraj" (weapon) {pain, rElec rN+ MR+}
   (You bought it in a shop on level 2 of the Orcish Mines)

   In the hands of one skilled in necromantic magic, it inflicts extra damage on
   living creatures.
   It insulates you from electricity.
   It protects you from negative energy.
   It affects your resistance to hostile enchantments.
 K - a +3 demon blade of draining
Armour
 c - a +2 hat
 f - a cursed +0 buckler of fire resistance (worn)
 o - the +2 helmet of the Unstoppable Ghosts (worn) {rC- rN++ Str+4 Stlth+}
   (You found it on level 4 of the Realm of Zot)

   It affects your strength (+4).
   It makes you vulnerable to cold.
   It greatly protects you from negative energy.
   It makes you more stealthy.
 s - a cursed +2 pair of gloves (worn)
 E - quicksilver dragon scales
 N - the +1 leather armour of Weirdness (worn) {MR+ Slay+5}
   (You found it on level 1 of the Elven Halls)

   It affects your accuracy and damage with ranged weapons and melee attacks
   (+5).
   It affects your resistance to hostile enchantments.
 Q - a cursed +2 cloak of poison resistance (worn)
 T - a cursed +2 pair of boots (worn)
Jewellery
 e - an uncursed ring of protection from fire
 r - a +6 amulet of reflection
 u - an uncursed ring of positive energy
 z - an uncursed ring of protection from magic
 F - an uncursed ring of protection from cold
 G - a ring of protection from cold (left hand)
 O - an amulet of regeneration (around neck)
 U - a +5 ring of dexterity
 Z - a ring of protection from fire (right hand)
Wands
 v - a wand of digging (4/24)
 B - a wand of hasting (3/9)
Scrolls
 h - 21 scrolls of teleportation
 k - 5 scrolls of fear
 l - 5 scrolls of fog
 q - 2 scrolls of magic mapping
 y - 8 scrolls of remove curse
 D - 2 scrolls of silence
 I - 10 scrolls of identify
 L - 2 scrolls of amnesia
 P - 2 scrolls of torment
 V - 2 scrolls of blinking
Potions
 a - 2 potions of cancellation
 i - 3 potions of agility
 j - 2 potions of might
 m - 4 potions of brilliance
 n - a potion of mutation
 t - a potion of haste
 A - 2 potions of cure mutation
 C - 5 potions of magic
 H - 9 potions of curing
 R - a potion of berserk rage
 S - 3 potions of ambrosia
Books
 M - a book of Callings

   Spells                             Type                      Level
   a - Summon Small Mammal            Summoning                    1
   b - Call Imp                       Summoning                    2
   c - Call Canine Familiar           Summoning                    3
   d - Summon Guardian Golem          Hexes/Summoning              3
   e - Summon Lightning Spire         Summoning/Air                4
   f - Summon Ice Beast               Ice/Summoning                4
Miscellaneous
 w - a lamp of fire
 Y - 2 phantom mirrors


   Skills:
 + Level 20.0 Fighting
 - Level 16.0(16.1) Short Blades
 + Level 2.0(10.2) Long Blades
 - Level 6.1 Armour
 + Level 24.5(26.5) Dodging
 O Level 27 Stealth
 - Level 7.7(10.7) Shields
 - Level 11.2 Spellcasting
 - Level 20.1 Hexes
 - Level 8.0 Charms
 - Level 14.0 Necromancy
 - Level 8.5 Transmutations
 - Level 5.0 Ice Magic
 - Level 3.0 Air Magic
 - Level 10.0 Evocations


You had 4 spell levels left.
You knew the following spells:

 Your Spells              Type           Power        Failure   Level  Hunger
a - Corona                Hex            ######.      0%          1    None
b - Confuse               Hex            ######..     0%          3    None
c - Tukima's Dance        Hex            ######..     0%          3    None
d - Metabolic Englaciati  Hex/Ice        #####.....   1%          5    ####...
e - Ozocubu's Armour      Chrm/Ice       ####....     1%          3    None
f - Animate Dead          Necr           N/A          1%          4    None
g - Yara's Violent Unrav  Hex/Tmut       #####.....   1%          5    ####...
h - Repel Missiles        Chrm/Air       ###...       1%          2    None
i - Swiftness             Chrm/Air       ###.....     1%          2    None
j - Regeneration          Chrm/Necr      #####.....   1%          3    None
k - Dispel Undead         Necr           #####...     1%          5    ####...
l - Darkness              Hex            ######....   1%          6    #####..
m - Passwall              Tmut/Erth      ###.......   1%          2    None


Dungeon Overview and Level Annotations

Branches:
Dungeon (15/15)            Temple (1/1) D:5            Lair (6/6) D:11
 Shoals (4/4) Lair:2        Snake (4/4) Lair:4        Slime (0/5) Lair:6
    Orc (2/2) D:9             Elf (3/3) Orc:2        Vaults (5/5) D:13
  Crypt (0/3) Vaults:3     Depths (5/5) D:15           Hell (1/1)
    Zot (4/5) Depths:5
    Dis: Hell:1         Geh: Hell:1         Coc: Hell:1         Tar: Hell:1

Altars:
Ashenzari
Cheibriados
Dithmenos
Elyvilon
Fedhas
Gozag
Hepliaklqana
Kikubaaqudgha
Makhleb
Nemelex Xobeh
Okawaru
Qazlal
Ru
Sif Muna
Trog
Uskayaw
Vehumet
Xom
Yredelemnul
Zin
The Shining One
Lugonu

Shops:
D:6 ?   Orc:2 =}%(   Elf:3 (   Snake:1 !*   Vaults:1 }   Vaults:2 (
Vaults:4 %(*   Vaults:5 (   Depths:3 :

Portals:
Hell: Depths:1 Depths:2 Depths:3 Depths:4 Depths:5
Abyss: Depths:4
Pandemonium: Depths:3 Depths:4
Ziggurat: Depths:4

Annotations:
D:4 Pikel
Orc:2 exclusion: upstairs
Elf:3 Cokeysmoke's ghost, adept MiFi
Depths:1 exclusion: orange crystal statue
Depths:3 Mennas
Depths:5 1 runed door
Zot:1 exclusion: death cob


Innate Abilities, Weirdness & Mutations

You heal slowly.
You have razor-sharp teeth.
You have supernaturally acute eyesight. (SInv)
You can survive without breathing.
You are partially covered in iridescent scales. (AC +2)
You tend to lose your temper in combat.
You can translocate small distances at will.
Your flesh is heat resistant. (rF+)
You passively map a small area around you.
You are weak. (Str -2)
Your spells are easier to cast, but less powerful.
You expend magic power (3 MP) to strengthen your wands.


Message History

As you read the scroll of blinking, it crumbles to dust.
You feel much better. The golden dragon bites you!!
* * * LOW HITPOINT WARNING * * *
The golden dragon barely misses you.
The golden dragon completely misses you.
You block the golden dragon's attack.
The golden dragon claws you but does no damage.
The golden dragon closely misses you.
You open the door. You block the golden dragon's attack.
The golden dragon completely misses you.
The golden dragon tramples you!
* * * LOW HITPOINT WARNING * * *
You hold your ground!
The golden dragon misses you.
The golden dragon completely misses you.
The golden dragon tramples you.
* * * LOW HITPOINT WARNING * * *
You hold your ground!
There is an open door here.
You feel better. The golden dragon bites you!!!
You die...

......#+#####.# #.####'########
......#.......###.## #.#
......#####)...Z...# #.# ......#
#.#.###..# #y# ......# #∆#.# #..#
#.# ......# #Z#.###..###†##
......#####Z#.##yD......#
......'.ZZ..#.##D######.#
..[...#######'##@######'#########
....### #..........#..........
....# #..........#..........
....# #..........#..........
....# #..........#..........
....# #..........'..........
....# #..........#..........
....# * * #.%........#..........
....# * #....).....#..........


You could see a shadow dragon (berserk), a golden dragon (berserk) and a moth of
wrath.

Vanquished Creatures
  3 orbs of fire
  2 ancient liches
  Mara (Depths:4)
  2 juggernauts
  Vashnia (Snake:4)
  Boris (Depths:4)
  Margery (Vaults:2)
  Saint Roka (Elf:2)
  Geryon (Hell)
  15 golden dragons
  2 electric golems (Zot:1)
  Jorgrun (Depths:3)
  14 tentacled monstrosities
  2 Ice Fiends (IceCv)
  3 liches
  Asterion (Depths:2)
  6 titans
  2 deep elf blademasters (Elf:3)
  A quicksilver dragon (shapeshifter) (Vaults:4)
  2 deep elf master archers (Elf:3)
  An ancient champion (Vaults:3)
  A kraken (Shoals:4)
  7 quicksilver dragons
  5 death cobs
  6 sphinxes
  Frances (Shoals:2)
  Agnes (Elf:2)
  10 shadow dragons
  Roxanne (Shoals:1)
  Kirke (Lair:5)
  12 storm dragons
  16 nagarajas
  7 draconian monks
  9 frost giants
  5 tengu reavers
  Ilsuiw (Shoals:4)
  6 deep elf sorcerers
  16 fire giants
  3 iron dragons (Depths:4)
  A draconian knight (Zot:1)
  4 ghost moths
  8 vault wardens
  A caustic shrike zombie (Depths:4)
  4 draconian scorchers
  2 orc warlords (Depths:1)
  2 draconian zealots (Zot:3)
  Louise (Shoals:3)
  6 deep elf elementalists
  2 spriggan defenders (Depths:3)
  3 draconian shifters
  5 war gargoyles
  18 stone giants
  3 draconian annihilators
  16 ironheart preservers
  6 draconian callers
  A vampire knight (Depths:2)
  Nessos (D:13)
  22 very ugly things
  An entropy weaver (Vaults:4)
  8 green draconians
  6 black draconians
  7 red draconians
  A lorocyproca (Depths:2)
  10 deep elf demonologists
  9 mottled draconians
  7 yellow draconians
  A dire elephant (D:15)
  3 spark wasps (Depths:4)
  5 deep elf annihilators
  10 purple draconians
  10 white draconians
  5 merfolk javelineers
  8 ettins
  6 deep elf death magi
  3 jiangshi
  9 fire dragons
  10 yaktaur captains
  6 deep elf high priests
  21 ogre magi
  6 merfolk impalers
  4 rakshasas
  4 spriggan air magi
  7 hydras
  13 ice dragons
  27 vault guards
  8 great orbs of eyes
  8 anacondas
  20 naga warriors
  A juggernaut simulacrum (Depths:4)
  2 catoblepae
  4 merfolk avatars
  7 centaur warriors
  2 satyrs
  6 merfolk aquamancers
  2 death knights
  26 dancing weapons
  8 deep troll shamans
  3 tengu warriors
  14 death yaks
  14 deep troll earth magi
  13 shock serpents
  4 vampire magi
  2 orc high priests (Elf:1)
  10 spriggan berserkers
  18 naga sharpshooters
  2 sun demons (Depths:5)
  2 skeletal warriors (D:14)
  Sonja (D:13)
  4 iron trolls
  31 deep elf knights
  4 salamander mystics
  11 sea snakes
  16 hell knights
  A golden dragon zombie (Depths:4)
  2 shadow wraiths
  3 unseen horrors
  2 wizards
  2 glowing orange brains
  A sea snake (shapeshifter) (Vaults:2)
  33 deep trolls
  5 naga ritualists
  A flayed ghost (Vaults:2)
  23 harpies
  13 deep elf archers
  8 hill giants
  An obsidian statue (D:7)
  An orb spider (shapeshifter) (Vaults:4)
  3 phantasmal warriors
  13 ironbrand convokers
  A lindwurm (shapeshifter) (Depths:4)
  7 necromancers
  8 orc knights
  75 deep elf magi
  44 ugly things
  9 orc sorcerers
  6 wolf spiders
  8 mana vipers
  8 manticores
  8 fauns (Shoals:1)
  A shadow dragon skeleton (Depths:4)
  6 cyclopes
  2 salamanders (shapeshifter)
  12 salamanders
  17 moths of wrath
  A moth of wrath (shapeshifter) (Depths:4)
  5 centaur zombies
  21 naga magi
  33 black mambas
  10 elephants
  10 sirens
  3 water nymphs
  15 vault sentinels
  2 ice statues (IceCv)
  5 guardian serpents
  2 spiny frogs (shapeshifter)
  A guardian serpent (shapeshifter) (Vaults:4)
  11 spiny frogs
  5 spectral swamp worms (Depths:3)
  5 gargoyles
  A water nymph (shapeshifter) (Vaults:5)
  4 kobold demonologists
  7 freezing wraiths
  2 rime drakes
  A yaktaur (shapeshifter) (Vaults:2)
  40 yaktaurs
  A komodo dragon (shapeshifter) (Vaults:3)
  14 komodo dragons
  19 merfolk
  13 ice devils (IceCv)
  7 tengu conjurers
  A queen bee (Lair:3)
  14 trolls
  A tyrant leech (shapeshifter) (Depths:2)
  A polar bear (Lair:6)
  A merfolk (shapeshifter) (Vaults:3)
  3 hornets
  33 two-headed ogres
  A wind drake (shapeshifter) (Elf:1)
  5 wind drakes
  27 blink frogs
  37 slime creatures
  15 dream sheep
  13 hippogriffs
  3 snapping turtles
  Prince Ribbit (Lair:1)
  3 redbacks (Vaults:4)
  7 air elementals
  A spriggan (shapeshifter) (Depths:3)
  8 wraiths
  19 water elementals
  2 shadows
  A spriggan (Lair:3)
  A hog (shapeshifter) (Depths:1)
  5 wyverns
  A human (D:13)
  3 fire elementals
  A yak (shapeshifter) (Vaults:3)
  31 yaks
  A human (shapeshifter) (Depths:3)
  3 hungry ghosts
  4 basilisks
  A hog (Lair:6)
  2 steam dragons
  Grum (D:10)
  5 mottled dragons
  Menkaure (D:4)
  70 nagas
  11 wargs
  9 water moccasins
  A floating eye (Depths:3)
  8 porcupines
  20 orc warriors
  4 ice beasts
  6 sky beasts
  A slave (D:4)
  4 phantoms
  An eye of draining (D:14)
  An ogre (shapeshifter) (Depths:2)
  5 black bears
  An eye of draining (shapeshifter) (Elf:3)
  A tengu (shapeshifter) (Depths:4)
  12 boggarts
  81 ogres
  31 wolves
  13 centaurs
  14 crocodiles
  8 big kobolds
  The ghost of kraedy the Cudgeler, an amateur GrFi (D:3)
  19 bullfrogs
  A glowing shapeshifter simulacrum (Vaults:3)
  A wyvern zombie (D:11)
  2 earth elementals
  A water moccasin skeleton (D:10)
  2 scorpions
  37 killer bees
  A killer bee (shapeshifter) (Depths:5)
  An orc simulacrum (Vaults:2)
  12 wights
  6 howler monkeys
  10 crimson imps
  A bullfrog zombie (D:9)
  A quasit (D:11)
  10 hounds
  4 jellies
  A bullfrog skeleton (D:8)
  3 centaur skeletons
  16 orc priests
  7 iguanas
  15 worker ants
  An iguana (shapeshifter) (Vaults:5)
  28 orc wizards
  Robin (D:4)
  7 gnolls
  11 adders
  5 shadow imps
  8 white imps (IceCv)
  4 ufetubi (IceCv)
  An ooze (D:1)
  An adder skeleton (D:8)
  3 worms
  A worm (shapeshifter) (Depths:3)
  6 dart slugs
  6 leopard geckos
  78 orcs
  A ball python (D:7)
  4 bats (D:3)
  5 giant cockroaches
  8 hobgoblins
  27 jackals
  7 quokkas
  2 frilled lizards
  13 goblins
  A jackal skeleton (D:9)
  A jackal zombie (D:6)
  10 kobolds
  A leopard gecko zombie (D:6)
  A quokka skeleton (D:4)
  9 rats
  A plant (Depths:2)
  3 tentacles (Shoals:4)
2255 creatures vanquished.

Vanquished Creatures (collateral kills)
  A golden dragon (Vaults:5)
  A lich (Depths:4)
  A death cob (Zot:3)
  A tengu reaver (Depths:2)
  A shadow dragon (Depths:4)
  2 nagarajas (Snake:4)
  A deep elf sorcerer (Vaults:4)
  An iron dragon (Depths:3)
  3 fire giants
  A draconian knight (Depths:5)
  4 frost giants
  A balrug (Depths:5)
  2 vault wardens
  5 ironheart preservers
  3 stone giants
  An entropy weaver (Vaults:4)
  A green draconian (Zot:2)
  2 yellow draconians
  2 vampire knights
  2 white draconians
  A deep elf annihilator (Depths:4)
  2 purple draconians
  2 black draconians
  2 mottled draconians
  2 spark wasps (Depths:4)
  5 ettins
  3 merfolk javelineers
  A yaktaur captain (Vaults:5)
  A fire dragon (shapeshifter) (Vaults:5)
  A merfolk impaler (Shoals:2)
  A spriggan air mage (Depths:4)
  7 naga warriors (Snake:4)
  A hydra (Lair:6)
  A rakshasa (Depths:3)
  8 vault guards
  An ice dragon (Depths:4)
  A death knight (D:13)
  A centaur warrior (Depths:2)
  2 merfolk aquamancers
  An alligator snapping turtle (Shoals:3)
  4 dancing weapons
  2 deep troll shamans
  2 tengu warriors
  4 ogre magi
  A shock serpent (Snake:3)
  A spriggan berserker (Depths:3)
  6 naga sharpshooters (Snake:4)
  5 deep elf knights
  A glowing orange brain (Depths:4)
  3 hell knights
  A skeletal warrior (D:14)
  3 sea snakes
  3 deep trolls
  A wizard (Depths:4)
  2 phantasmal warriors
  3 deep elf archers
  A harpy (Shoals:4)
  3 hill giants
  A necromancer (Vaults:4)
  7 deep elf magi
  A wolf spider (Vaults:4)
  4 orc knights
  2 cyclopes
  2 manticores (Shoals:4)
  3 ugly things
  3 fauns (Shoals:2)
  2 moths of wrath
  2 sirens (Shoals:4)
  4 naga magi (Snake:4)
  A black mamba (Snake:4)
  3 elephants (Lair:6)
  6 vault sentinels
  2 guardian serpents (Snake:4)
  A rime drake (Lair:6)
  A spiny frog (Lair:5)
  A komodo dragon (D:14)
  8 yaktaurs
  4 trolls
  7 merfolk
  2 slime creatures
  4 blink frogs (Lair:6)
  8 two-headed ogres
  A hippogriff (D:13)
  A snapping turtle (Shoals:1)
  2 redbacks (Vaults:4)
  2 water elementals
  A hog (Lair:6)
  3 wargs
  17 nagas
  14 orc warriors
  4 centaurs
  16 ogres
  A wolf (Lair:6)
  A crocodile (Lair:6)
  A bullfrog (D:15)
  2 wights (D:11)
  7 orc wizards
  5 orc priests
  A worker ant (D:8)
  A howler monkey zombie (D:8)
  An adder (D:8)
  A shadow imp (D:15)
  27 orcs
  A fungus (Lair:6)
  6 plants
321 creatures vanquished.

Vanquished Creatures (others)
  A storm dragon (Depths:5)
  A vault warden (Vaults:2)
  A black draconian (Zot:3)
  A merfolk javelineer (Shoals:4)
  An ice dragon (Depths:4)
  A naga sharpshooter (Snake:4)
  A spriggan berserker (Depths:4)
  A deep elf knight (Elf:2)
  A deep elf archer (Elf:2)
  2 deep elf magi
  A faun (Shoals:1)
  2 yaktaurs
  A snapping turtle (Shoals:4)
  44 dancing weapons
  A human (Lair:6)
  A warg (Vaults:3)
  A naga (Snake:4)
  2 orc warriors
  2 boggarts (Depths:2)
  2 ogres
  2 centaurs
  4 white imps (IceCv)
  2 ufetubi (IceCv)
  4 orcs
  27 fungi
  36 plants
  25 tentacles (Shoals:4)
168 creatures vanquished.

Grand Total: 2744 creatures vanquished

Notes
Turn   | Place    | Note
-------+----------+-------------------------------------------
     0 | D:1      | Mesmaeker13 the Vampire Enchanter began the quest for the Orb.
     0 | D:1      | Reached XP level 1. HP: 13/13 MP: 3/3
   231 | D:1      | Reached XP level 2. HP: 4/19 MP: 0/5
   724 | D:1      | Reached XP level 3. HP: 24/24 MP: 6/6
  1107 | D:2      | Learned a level 3 spell: Confuse
  1387 | D:2      | Reached skill level 5 in Hexes
  1443 | D:2      | Found a deep blue altar of Sif Muna.
  1863 | D:2      | Reached XP level 4. HP: 14/30 MP: 2/8
  2123 | D:3      | Noticed kraedy's ghost (amateur GrFi)
  2193 | D:4      | Found a stormy altar of Qazlal.
  2338 | D:4      | Noticed Menkaure
  2451 | D:4      | Killed Menkaure
  2451 | D:4      | Reached XP level 5. HP: 35/35 MP: 6/10
  2543 | D:4      | Learned a level 3 spell: Tukima's Dance
  2566 | D:4      | Noticed an ogre
  2572 | D:4      | Killed an ogre
  2572 | D:4      | Reached XP level 6. HP: 41/41 MP: 7/11
  2727 | D:4      | Noticed Robin
  2986 | D:4      | Killed Robin
  3336 | D:4      | Noticed a slave
  3666 | D:3      | Killed kraedy's ghost
  3990 | D:3      | Found a radiant altar of Vehumet.
  4031 | D:3      | Found a hazy altar of Hepliaklqana.
  4489 | D:4      | Reached XP level 7. HP: 47/47 MP: 13/13
  4550 | D:4      | Noticed Pikel
  4590 | D:5      | Entered Level 5 of the Dungeon
  4596 | D:5      | Learned a level 2 spell: Ensorcelled Hibernation
  4715 | D:5      | Found a staircase to the Ecumenical Temple.
  4724 | Temple   | Entered the Ecumenical Temple
  4884 | D:5      | Reached skill level 1 in Fighting
  4900 | D:5      | Reached skill level 5 in Dodging
  5093 | D:5      | Found an iron altar of Okawaru.
  5173 | D:5      | Found a blossoming altar of Fedhas.
  5177 | D:5      | Found a stormy altar of Qazlal.
  5867 | D:6      | Reached XP level 8. HP: 53/56 MP: 10/14
  5999 | D:5      | Reached skill level 5 in Short Blades
  6326 | D:6      | Found Turopn's Magic Scroll Shop.
  6344 | D:6      | Bought a scroll of identify for 20 gold pieces
  6344 | D:6      | Bought a scroll of identify for 20 gold pieces
  6344 | D:6      | Bought 2 scrolls of identify for 40 gold pieces
  6352 | D:6      | Bought a scroll of teleportation for 30 gold pieces
  6352 | D:6      | Bought a scroll of remove curse for 30 gold pieces
  6366 | D:6      | Found a sparkling altar of Nemelex Xobeh.
  6390 | D:6      | Found an ancient bone altar of Kikubaaqudgha.
  7589 | D:7      | Noticed a hippogriff
  7965 | D:6      | Killed a hippogriff
  7965 | D:6      | Reached XP level 9. HP: 48/65 MP: 8/15
  8941 | D:7      | Found a glowing silver altar of Zin.
  8981 | D:7      | Learned a level 3 spell: Dazzling Spray
  9132 | D:7      | Found a shimmering altar of Xom.
  9231 | D:7      | Noticed an obsidian statue
  9382 | D:8      | Reached skill level 10 in Hexes
  9692 | D:8      | Reached skill level 5 in Fighting
 10179 | D:9      | Found a shattered altar of Ashenzari.
 10179 | D:9      | Found a basalt altar of Yredelemnul.
 10180 | D:9      | Found a sacrificial altar of Ru.
 10240 | D:9      | Became a worshipper of Ashenzari the Shackled
 10307 | D:9      | Found a staircase to the Orcish Mines.
 10374 | D:9      | Reached XP level 10. HP: 75/75 MP: 3/16
 11517 | D:10     | Entered Level 10 of the Dungeon
 11535 | D:10     | Noticed Grum
 12005 | D:10     | Killed Grum
 12024 | D:10     | Got the uncursed robe of Qazlal's Generosity {rPois rF- rC+ Int+4}
 12036 | D:10     | Identified the +0 robe of Qazlal's Generosity {rPois rF- rC+ Int+4} (You found it on level 10 of the Dungeon)
 12223 | D:10     | Noticed a gargoyle
 12240 | D:10     | Killed a gargoyle
 12240 | D:10     | Reached skill level 5 in Stealth
 12272 | D:10     | Noticed a hill giant
 12285 | D:10     | Killed a hill giant
 12434 | D:10     | Noticed a hill giant
 12436 | D:10     | Killed a hill giant
 12603 | D:10     | Reached XP level 11. HP: 80/84 MP: 11/17
 12640 | D:10     | Noticed a brown ugly thing
 12673 | D:10     | Killed a brown ugly thing
 12673 | D:10     | Reached skill level 6 in Stealth
 13137 | D:11     | Noticed an unseen horror
 13195 | D:11     | Killed an unseen horror
 13305 | D:11     | Reached * piety under Ashenzari
 13717 | D:11     | Noticed an unseen horror
 13759 | D:11     | Killed an unseen horror
 13759 | D:11     | Reached skill level 10 in Dodging
 13759 | D:11     | Reached skill level 7 in Stealth
 13783 | D:11     | Found a staircase to the Lair.
 13836 | D:11     | Reached skill level 10 in Short Blades
 13844 | D:11     | Learned a level 4 spell: Animate Dead
 13886 | Lair:1   | Entered Level 1 of the Lair of Beasts
 13895 | Lair:1   | You fall through a shaft!
 13991 | Lair:2   | Reached skill level 1 in Necromancy
 14065 | Lair:2   | Reached skill level 8 in Stealth
 14417 | Lair:2   | Found a staircase to the Shoals.
 14611 | Lair:2   | Reached skill level 9 in Stealth
 15276 | Lair:1   | Reached XP level 12. HP: 84/94 MP: 14/18
 15444 | Lair:1   | Reached ** piety under Ashenzari
 15451 | Lair:1   | Noticed a five-headed hydra
 15455 | Lair:1   | Killed a five-headed hydra
 15553 | Lair:1   | Reached skill level 10 in Stealth
 15678 | Lair:1   | Noticed Prince Ribbit
 15695 | Lair:1   | Killed Prince Ribbit
 15834 | Lair:1   | Reached skill level 5 in Necromancy
 16159 | Lair:3   | Noticed a death yak
 16159 | Lair:3   | Noticed a death yak
 16159 | Lair:3   | Noticed a death yak
 16159 | Lair:3   | Noticed a death yak
 16159 | Lair:3   | Noticed a death yak
 16161 | Lair:3   | Noticed a death yak
 16412 | Lair:2   | Reached skill level 5 in Spellcasting
 16542 | Lair:3   | Reached skill level 1 in Shields
 16718 | Lair:3   | Noticed a catoblepas
 16723 | Lair:3   | Killed a catoblepas
 17062 | Lair:4   | Noticed a death yak
 17287 | Lair:4   | Noticed a five-headed hydra
 17319 | Lair:4   | Killed a five-headed hydra
 17416 | Lair:4   | Noticed a four-headed hydra
 17933 | Lair:4   | Learned a level 3 spell: Mephitic Cloud
 17987 | Lair:4   | Killed a four-headed hydra
 18117 | Lair:4   | Found a staircase to the Snake Pit.
 18246 | Lair:4   | Killed a death yak
 18246 | Lair:4   | Reached skill level 1 in Air Magic
 18689 | Lair:5   | Reached XP level 13. HP: 44/101 MP: 5/22
 19810 | Lair:5   | Reached *** piety under Ashenzari
 20373 | Lair:6   | Entered Level 6 of the Lair of Beasts
 20502 | Lair:6   | Reached skill level 10 in Fighting
 20691 | Lair:6   | Found a staircase to the Slime Pits.
 20695 | Lair:6   | Identified a scroll of acquirement
 20907 | Lair:6   | Reached skill level 11 in Stealth
 21381 | Lair:6   | Noticed Kirke
 21394 | Lair:6   | Noticed a sphinx
 22328 | Lair:5   | Killed Kirke
 22583 | Lair:6   | Reached skill level 12 in Stealth
 23922 | Lair:6   | Reached XP level 14. HP: 87/111 MP: 18/23
 25984 | Lair:3   | Reached skill level 13 in Stealth
 26344 | Lair:1   | Learned a level 2 spell: Repel Missiles
 26354 | Lair:1   | Learned a level 3 spell: Vampiric Draining
 26508 | D:12     | Identified Amops's Incunabulum of Ghastly Poisoning
 26830 | D:12     | Reached **** piety under Ashenzari
 28008 | D:12     | Got the uncursed ring mail "Sixtaode" {Int+2}
 28022 | D:12     | Noticed a fire giant
 28050 | D:12     | Killed a fire giant
 28503 | D:13     | Noticed Nessos
 28514 | D:13     | Killed Nessos
 28699 | D:13     | Reached skill level 14 in Stealth
 29006 | D:13     | Found a gate to the Vaults.
 29255 | D:13     | Noticed Sonja
 29294 | D:13     | Killed Sonja
 29482 | D:13     | Got the uncursed leather armour "Cebax" {rPois rN+}
 30283 | Orc:1    | Entered Level 1 of the Orcish Mines
 30788 | Orc:2    | Entered Level 2 of the Orcish Mines
 30903 | Orc:2    | Found a staircase to the Elven Halls.
 30915 | Orc:2    | Found Isiv's Gadget Shoppe.
 31484 | Orc:2    | Reached XP level 15. HP: 120/120 MP: 17/26
 31738 | Orc:1    | Reached skill level 15 in Stealth
 32258 | Orc:2    | Found Meafikh's Weapon Shoppe.
 32258 | Orc:2    | Found Gieh's Jewellery Boutique.
 32268 | Orc:2    | Found Oqepory's Food Emporium.
 32373 | Orc:2    | Bought the +8 rapier "Emuraj" {pain, rElec rN+ MR+} for 1033 gold pieces
 33127 | Lair:1   | Identified the +2 ring mail "Sixtaode" {Int+2} (You found it on level 12 of the Dungeon)
 33155 | Lair:1   | Identified the +0 leather armour "Cebax" {rPois rN+} (You found it on level 13 of the Dungeon)
 33929 | Snake:1  | Entered Level 1 of the Snake Pit
 33944 | Snake:1  | Found Osotisyo's Distillery.
 33953 | Snake:1  | Bought a potion of heal wounds for 90 gold pieces
 33953 | Snake:1  | Bought 2 potions of curing for 108 gold pieces
 33953 | Snake:1  | Bought a potion of curing for 54 gold pieces
 33953 | Snake:1  | Bought a potion of curing for 54 gold pieces
 33980 | Snake:1  | Reached ***** piety under Ashenzari
 34561 | Snake:1  | Found Oplos's General Store.
 34817 | Snake:1  | Reached skill level 16 in Stealth
 35171 | Snake:1  | Reached skill level 15 in Dodging
 36144 | Lair:1   | Gained mutation: Your flesh is heat resistant. (rF+) [potion of mutation]
 36144 | Lair:1   | Gained mutation: You are partially covered in iridescent scales. (AC +2) [potion of mutation]
 36144 | Lair:1   | Gained mutation: You can translocate small distances at will. [potion of mutation]
 36387 | Lair:1   | Learned a level 2 spell: Swiftness
 36391 | Lair:1   | Learned a level 3 spell: Regeneration
 36541 | Snake:2  | Noticed a nagaraja
 36786 | Snake:2  | Reached skill level 1 in Charms
 37110 | Snake:2  | Reached XP level 16. HP: 127/127 MP: 27/27
 37696 | Snake:2  | Reached skill level 17 in Stealth
 39267 | Snake:4  | Entered Level 4 of the Snake Pit
 39427 | Snake:4  | Found a flickering gateway to a bazaar.
 39453 | Bazaar   | Entered a bazaar
 39457 | Bazaar   | Found Enaz Fau's Jewellery Boutique.
 39475 | Bazaar   | Found Fucke's Antique Weapon Emporium.
 39492 | Bazaar   | Found Doku's Book Boutique.
 39509 | Bazaar   | Found Iregacomp's Gadget Shoppe.
 41181 | D:14     | Reached skill level 5 in Charms
 41749 | D:15     | Entered Level 15 of the Dungeon
 41876 | D:15     | Found a staircase to the Depths.
 41902 | D:15     | Reached skill level 15 in Hexes
 42612 | D:12     | Reached XP level 17. HP: 133/133 MP: 26/28
 42741 | Shoals:1 | Entered Level 1 of the Shoals
 42816 | Shoals:1 | Noticed Roxanne
 42877 | Shoals:1 | Killed Roxanne
 42877 | Shoals:1 | Reached skill level 10 in Necromancy
 43126 | Shoals:1 | Found a frozen archway.
 43128 | Shoals:1 | Reached ****** piety under Ashenzari
 43186 | IceCv    | Entered an ice cave
 43971 | IceCv    | Noticed an Ice Fiend
 43991 | IceCv    | Killed an Ice Fiend
 44001 | IceCv    | Noticed an Ice Fiend
 44016 | IceCv    | Killed an Ice Fiend
 44908 | Shoals:1 | Reached skill level 1 in Evocations
 45699 | Shoals:2 | Noticed Frances
 45724 | Shoals:2 | Killed Frances
 46152 | Shoals:3 | Noticed Louise
 46177 | Shoals:3 | Killed Louise
 46906 | Shoals:4 | Entered Level 4 of the Shoals
 47194 | Lair:1   | Learned a level 5 spell: Metabolic Englaciation
 47476 | Shoals:4 | Reached skill level 1 in Ice Magic
 47583 | Shoals:4 | Noticed Ilsuiw
 47682 | Shoals:4 | Killed Ilsuiw
 47966 | Shoals:4 | Reached XP level 18. HP: 140/140 MP: 30/30
 48528 | Shoals:4 | Got the arbalest of Peril {speed, Str+7}
 49182 | Shoals:4 | Got a barnacled rune of Zot
 49804 | Lair:1   | Identified the +6 arbalest of Peril {speed, Str+7} (You found it on level 4 of the Shoals)
 49816 | Lair:1   | Learned a level 5 spell: Yara's Violent Unravelling
 49825 | Lair:1   | Gained mutation: You passively map a small area around you. [potion of beneficial mutation]
 50187 | Snake:4  | Noticed Vashnia
 50262 | Snake:4  | Killed Vashnia
 51318 | Snake:3  | Reached skill level 18 in Stealth
 51432 | Snake:3  | Reached skill level 5 in Ice Magic
 51683 | Snake:4  | Reached skill level 1 in Transmutations
 53287 | Snake:4  | Reached XP level 19. HP: 118/148 MP: 31/31
 53330 | Snake:4  | Reached skill level 19 in Stealth
 53981 | Snake:4  | Got a serpentine rune of Zot
 54449 | Depths:1 | Entered Level 1 of the Depths
 54490 | D:15     | Reached skill level 5 in Transmutations
 55140 | Depths:1 | Reached skill level 1 in Armour
 55149 | Depths:1 | Found a gateway to Hell.
 56306 | D:7      | Identified Sif Muna's Disquisition on Illusion and Earth
 56539 | Elf:1    | Entered Level 1 of the Elven Halls
 56740 | Orc:2    | Bought a phantom mirror for 420 gold pieces
 57504 | Elf:1    | Reached skill level 20 in Stealth
 57528 | Elf:1    | Identified the Guide on the Entourage
 57675 | Elf:1    | Got the uncursed leather armour of Weirdness {MR+ Slay+5}
 58024 | Elf:1    | Identified the +1 leather armour of Weirdness {MR+ Slay+5} (You found it on level 1 of the Elven Halls)
 58334 | Elf:2    | Found a magical portal.
 58351 | Elf:2    | Noticed Saint Roka
 58661 | Elf:2    | Killed Saint Roka
 59546 | Elf:3    | Entered Level 3 of the Elven Halls
 59591 | Elf:1    | Reached XP level 20. HP: 157/158 MP: 27/32
 60288 | Elf:2    | Found a huge runed gate.
 60292 | Elf:2    | Found a huge runed gate.
 60296 | Elf:2    | Found a huge runed gate.
 60341 | Elf:2    | Noticed Agnes
 61157 | Elf:2    | Reached skill level 5 in Armour
 61327 | Elf:2    | Killed Agnes
 61934 | Elf:3    | Reached skill level 21 in Stealth
 62012 | Elf:3    | Found Ufustuxe's Weapon Emporium.
 62149 | Elf:3    | Noticed Cokeysmoke's ghost (adept MiFi)
 62549 | Elf:3    | Found a radiant altar of Vehumet.
 63742 | Elf:3    | Got the uncursed robe of Weightlessness {rF++ Slay-2}
 63771 | Elf:3    | Got the dagger of Fee Simple {pierce, rF+ Dex+2 Stlth+}
 63772 | Elf:3    | Identified the +6 dagger of Fee Simple {pierce, rF+ Dex+2 Stlth+} (You found it on level 3 of the Elven Halls)
 63776 | Elf:3    | Identified the Volume of the Frostbite and Battle Magic
 63782 | Elf:3    | Identified the Almanac of Translocation and Poisoning
 63784 | Elf:3    | Identified the Reference Book on Aid
 64273 | Elf:3    | Identified Qoramaov's Papyrus of Summoning
 64843 | Lair:1   | Learned a level 5 spell: Dispel Undead
 65382 | Depths:2 | Noticed a golden dragon
 65603 | Vaults:1 | Entered Level 1 of the Vaults
 65829 | Vaults:1 | Found Piwnotti's Gadget Emporium.
 65832 | Vaults:1 | Bought a wand of digging (9/24) for 416 gold pieces
 67046 | Vaults:2 | Noticed Margery
 67069 | Vaults:2 | Killed Margery
 67069 | Vaults:2 | Reached skill level 22 in Stealth
 67071 | Vaults:2 | Reached XP level 21. HP: 166/166 MP: 34/34
 67829 | Vaults:2 | Found Gakleb's Weapon Boutique.
 68339 | Vaults:3 | Reached skill level 15 in Fighting
 68534 | Vaults:3 | Reached skill level 10 in Spellcasting
 69548 | Vaults:3 | Reached skill level 23 in Stealth
 70197 | Vaults:3 | Found a staircase to the Crypt.
 70543 | Vaults:4 | Found Tocal's Food Shoppe.
 71100 | Vaults:4 | Reached XP level 22. HP: 128/176 MP: 36/36
 71364 | Vaults:4 | Found Bomoc's Assorted Antiques.
 72108 | Vaults:4 | Found Wico's Antique Weapon Emporium.
 72881 | Depths:2 | Learned a level 6 spell: Darkness
 73062 | Depths:2 | Reached skill level 24 in Stealth
 73671 | Depths:2 | Identified the ring of Omoekunt {MR+ Str-4 Dex+4} (You took it off a spriggan air mage on level 2 of the Depths)
 73889 | Depths:2 | Killed a golden dragon
 73988 | Depths:2 | Identified Sif Muna's Catalogue of the Harmful Compass
 74206 | Depths:2 | Noticed Asterion
 74219 | Depths:2 | Killed Asterion
 74571 | Depths:3 | Noticed a golden dragon
 74621 | Depths:3 | Noticed a golden dragon
 74916 | Depths:3 | Paralysed by a floating eye for 4 turns
 74962 | Depths:3 | Found Muuduf's Book Emporium.
 74967 | Depths:3 | Found a one-way gate leading to the halls of Pandemonium.
 75031 | Depths:3 | Noticed Jorgrun
 75050 | Depths:3 | Killed Jorgrun
 75504 | Hell     | Entered the Vestibule of Hell
 75504 | Hell     | Noticed Geryon
 75509 | Hell     | Killed Geryon
 75589 | Depths:3 | Killed a golden dragon
 75650 | Depths:3 | Identified the ring of Rienumi {rPois MP-9 Str+2 Int+4} (You took it off a tengu conjurer on level 3 of the Depths)
 76224 | Depths:3 | Killed a golden dragon
 76470 | Depths:3 | Noticed a juggernaut
 76529 | Depths:3 | Identified the Papyrus of Malediction and Black Secrets
 76635 | Depths:3 | Reached XP level 23. HP: 162/185 MP: 35/38
 76823 | Depths:4 | Reached skill level 25 in Stealth
 77387 | Depths:4 | Noticed Boris
 77399 | Depths:4 | Killed Boris
 77459 | Depths:4 | Found a gateway to a ziggurat.
 77459 | Depths:4 | Found a one-way gate to the infinite horrors of the Abyss.
 77672 | Depths:4 | Found a glowing golden altar of the Shining One.
 77673 | Depths:4 | Found a shattered altar of Ashenzari.
 77674 | Depths:4 | Found a deep blue altar of Sif Muna.
 77684 | Depths:4 | Noticed Mara
 77728 | Depths:4 | Killed Mara
 77757 | Depths:4 | Noticed Mennas
 77863 | Depths:3 | Killed a juggernaut
 77863 | Depths:3 | Reached skill level 5 in Shields
 78710 | Vaults:5 | Entered Level 5 of the Vaults
 81176 | Vaults:5 | Got a silver rune of Zot
 81880 | Vaults:4 | Reached XP level 24. HP: 182/195 MP: 38/38
 82759 | Vaults:5 | Found Qeonogyas's Antique Weapon Boutique.
 83196 | Vaults:5 | Noticed an ancient lich
 83481 | Vaults:5 | Killed an ancient lich
 83567 | Vaults:5 | Identified Tokhod's Reference Book on the Escort
 83599 | Vaults:5 | Identified the Incunabulum of Destructive Cold
 83625 | Vaults:5 | Got the hand crossbow of Megalomania {velocity, rPois}
 83636 | Vaults:5 | Identified the +2 hand crossbow of Megalomania {velocity, rPois} (You found it on level 5 of the Vaults)
 84391 | Lair:1   | Upgraded the game from 0.19.0-2-gae57169 to 0.19.0-9-gfd783f2
 84425 | Lair:1   | Learned a level 3 spell: Ozocubu's Armour
 84430 | Lair:1   | Learned a level 2 spell: Passwall
 85294 | Depths:4 | Reached skill level 5 in Evocations
 85719 | Depths:4 | Noticed an ancient lich
 86208 | Depths:4 | Reached XP level 25. HP: 180/205 MP: 19/38
 86316 | Depths:4 | Reached skill level 26 in Stealth
 86346 | Depths:4 | Killed an ancient lich
 86805 | Depths:5 | Entered Level 5 of the Depths
 86862 | Depths:5 | Found a runed door.
 86862 | Depths:5 | Noticed a juggernaut
 86889 | Depths:5 | Killed a juggernaut
 87482 | Depths:5 | Found a gate to the Realm of Zot.
 87572 | Depths:5 | Reached skill level 15 in Short Blades
 88169 | Zot:1    | Entered Level 1 of the Realm of Zot
 88821 | Zot:1    | Noticed an orb of fire
 89546 | Zot:1    | Reached XP level 26. HP: 203/213 MP: 0/38
 89854 | Zot:1    | Reached skill level 10 in Evocations
 90004 | Zot:1    | Gained mutation: You tend to lose your temper in combat. [an orb of fire]
 90007 | Zot:1    | Killed an orb of fire
 92043 | Zot:3    | Got the falchion of Nunimam {freeze, rF+ Dex+3}
 92044 | Zot:3    | Identified the +8 falchion of Nunimam {freeze, rF+ Dex+3} (You found it on level 3 of the Realm of Zot)
 92122 | Zot:3    | Reached skill level 27 in Stealth
 92947 | Zot:3    | Noticed an orb of fire
 92983 | Zot:3    | Killed an orb of fire
 93591 | Zot:4    | Reached XP level 27. HP: 224/224 MP: 38/38
 93713 | Zot:4    | Got the uncursed helmet of the Unstoppable Ghosts {rC- rN++ Str+4 Stlth+}
 93724 | Zot:4    | Identified the +2 helmet of the Unstoppable Ghosts {rC- rN++ Str+4 Stlth+} (You found it on level 4 of the Realm of Zot)
 93786 | Zot:4    | Noticed an orb of fire
 93796 | Zot:4    | Gained mutation: Your spells are a little easier to cast, but a little less powerful. [an orb of fire]
 93801 | Zot:4    | Gained mutation: Your spells are easier to cast, but less powerful. [an orb of fire]
 93805 | Zot:4    | Gained mutation: You expend magic power (3 MP) to strengthen your wands. [an orb of fire]
 93830 | Zot:4    | Gained mutation: You are weak. (Str -2) [an orb of fire]
 93835 | Zot:4    | Killed an orb of fire
 93835 | Zot:4    | Reached skill level 1 in Long Blades
 93864 | Zot:4    | Slain by a golden dragon

Skill      XL: |  1  2  3  4  5  6  7  8  9 10 11 12 13 14 15 16 17 18 19 20 21 22 23 24 25 26 27 |
---------------+----------------------------------------------------------------------------------+-----
Hexes          | 5 6 7 9 10 11 12 13 15 16 18 19 20 | 20.1
Spellcasting   | 3 4 6 7 8 9 10 11 | 11.2
Short Blades   | 2 3 4 6 7 9 10 11 12 13 14 15 16 | 16.0
Dodging        | 3 4 5 7 8 9 10 11 13 14 15 16 17 18 19 20 22 23 24 | 24.5
Fighting       | 2 4 5 7 8 9 10 11 12 13 14 15 16 17 18 19 20 | 20.0
Stealth        | 5 9 10 12 14 16 17 18 20 22 23 24 25 26 27 | 27.0
Necromancy     | 4 6 8 9 11 12 14 | 14.0
Shields        | 3 7 |  7.7
Air Magic      | 1 3 |  3.0
Charms         | 2 5 7 8 |  8.0
Evocations     | 3 4 6 9 10 | 10.0
Ice Magic      | 2 5 |  5.0
Transmutations | 4 5 8 |  8.5
Armour         | 4 6 |  6.1
Long Blades    | 2 |  2.0

Action                   |  1- 3 |  4- 6 |  7- 9 | 10-12 | 13-15 | 16-18 | 19-21 | 22-24 | 25-27 || total
-------------------------+-------+-------+-------+-------+-------+-------+-------+-------+-------++-------
Melee: Dagger            |   146 |   328 |   598 |   822 |  1382 |       |    22 |    41 |       ||  3339
       Bite              |    11 |    27 |    72 |   125 |   197 |   192 |   218 |   332 |   178 ||  1352
       Unarmed           |       |       |       |       |     2 |       |       |       |       ||     2
       Rapier            |       |       |       |       |   280 |  1739 |  1864 |  1935 |  1333 ||  7151
 Fire: Blowgun           |       |       |       |       |       |    11 |       |       |       ||    11
Throw: Throwing net      |       |       |       |       |       |     2 |       |       |       ||     2
 Cast: Corona            |    20 |    29 |    38 |    22 |    73 |    44 |    18 |    10 |     3 ||   257
       Confuse           |     5 |    18 |    80 |   125 |   362 |   338 |   203 |   125 |    59 ||  1315
       Tukima's Dance    |       |       |    11 |     9 |    37 |    90 |    97 |   159 |    84 ||   487
       Ensorcelled Hiber |       |       |     7 |    34 |    48 |     7 |       |       |       ||    96
       Dazzling Spray    |       |       |       |     4 |    42 |    48 |    29 |    12 |       ||   135
       Animate Dead      |       |       |       |     3 |    51 |    64 |    48 |    57 |    44 ||   267
       Mephitic Cloud    |       |       |       |       |     1 |       |       |       |       ||     1
       Repel Missiles    |       |       |       |       |     4 |    10 |    10 |     5 |     3 ||    32
       Vampiric Draining |       |       |       |       |     1 |       |       |       |       ||     1
       Regeneration      |       |       |       |       |       |    27 |    36 |    35 |    15 ||   113
       Swiftness         |       |       |       |       |       |     5 |     3 |     1 |     1 ||    10
       Metabolic Englaci |       |       |       |       |       |     4 |     6 |     2 |     1 ||    13
       Yara's Violent Un |       |       |       |       |       |    18 |    11 |     2 |     4 ||    35
       Dispel Undead     |       |       |       |       |       |       |     2 |     3 |     9 ||    14
       Darkness          |       |       |       |       |       |       |       |     5 |     2 ||     7
       Ozocubu's Armour  |       |       |       |       |       |       |       |    11 |    30 ||    41
       Passwall          |       |       |       |       |       |       |       |     2 |     4 ||     6
Invok: Curse Item        |       |       |       |     2 |     2 |       |       |     2 |     1 ||     7
       Scrying           |       |       |       |       |     1 |     4 |     2 |     6 |     5 ||    18
 Abil: End Transformatio |       |       |     2 |       |     7 |     5 |     6 |     9 |       ||    29
       Bat Form          |       |       |     2 |       |     7 |     5 |     6 |     9 |       ||    29
       Blink             |       |       |       |       |     4 |       |       |       |       ||     4
Evoke: Wand              |       |     3 |     2 |       |       |       |     1 |     5 |     4 ||    15
       Phantom mirror    |       |       |       |       |       |       |       |     2 |       ||     2
       Lamp of fire      |       |       |       |       |       |       |       |       |     1 ||     1
  Use: Scroll            |     6 |     2 |    12 |    11 |    16 |    17 |     9 |    12 |     7 ||    92
       Potion            |     1 |     3 |     3 |     9 |    14 |    35 |    25 |    33 |    14 ||   137
 Stab: Sleeping          |     7 |    11 |    12 |    47 |    48 |    39 |    68 |    26 |    46 ||   304
       Confused          |     2 |    14 |    40 |    68 |   166 |   113 |    88 |    46 |    26 ||   563
       Paralysed         |       |       |     4 |       |       |       |       |       |       ||     4
       Distracted        |       |       |     1 |     2 |     9 |    21 |    10 |    46 |    28 ||   117
       Petrifying        |       |       |     1 |       |       |       |       |       |       ||     1
       Invisible         |       |       |       |     1 |     8 |    12 |     8 |     2 |       ||    31
       Petrified         |       |       |       |       |     3 |       |       |       |       ||     3
       Held in net/web   |       |       |       |       |       |     1 |       |       |       ||     1
  Eat: Corpse            |     1 |     5 |    15 |    14 |    22 |    28 |    21 |    15 |    10 ||   131
Armor: Robe              |    28 |    88 |    67 |    58 |    51 |    53 |    27 |       |       ||   372
       Leather armour    |       |       |       |       |    74 |   137 |   102 |   177 |   210 ||   700
Dodge: Dodged            |   100 |   246 |   270 |   466 |   799 |  1006 |   758 |  1181 |   966 ||  5792
       Deflected         |       |       |       |       |     9 |    76 |    39 |    20 |    13 ||   157
Block: Buckler           |       |       |       |    54 |   589 |   749 |   625 |   654 |   315 ||  2986
       Reflection        |       |       |       |     1 |    30 |   121 |    82 |    28 |       ||   262
       Other             |       |       |       |       |    12 |       |     1 |       |       ||    13
